 Dungeon Sprint DCSS version 0.27-a0-448-gace5c5693b (webtiles) character file.

Game seed: 7071017674812578346

33672 mhtbhm the Executioner (level 13, -13/115 (139) HPs)
             Began as a Minotaur Fighter on Feb 28, 2021.
             Was the Champion of Trog.
             Killed from afar by an eidolon (38 damage)
             ... with a bolt of negative energy
             ... in the Dungeon (Sprint VII: "The Pits").
             The game lasted 00:07:32 (2929 turns).

mhtbhm the Executioner (Minotaur Fighter)           Turns: 2929, Time: 00:07:33

HP:   -13/115 (139) AC: 27    Str: 29    XL:     13   Next: 38%
MP:   0/1           EV: 16    Int:  5    God:    Trog [******]
Gold: 53            SH: 16    Dex: 10    Spells: 12/12 levels left

rFire    . . .     SeeInvis .   a - +5 broad axe of Distant Worlds {antimagic, rPois MP-9 Str+3}
rCold    . . .     Faith    .   c - +0 kite shield
rNeg     . . .     Spirit   .   b - +4 chain mail
rPois    +         Reflect  .   (helmet restricted)
rElec    .         Harm     .   m - +0 cloak {Will+}
rCorr    .         Rampage  .   r - +0 pair of gloves
Will     +....     NoTele   +   q - +0 pair of boots
Stlth    ..........             (no amulet)
HPRegen  0.29/turn              n - +3 ring of evasion
MPRegen  0.07/turn              A - +4 ring of protection

@: flayed, berserk cooldown, slowed, heavily drained, very slow
A: retaliatory headbutt, horns 2
a: Renounce Religion, Berserk, Trog's Hand, Brothers in Arms


You were in the Dungeon.
You worshipped Trog.
Trog was exalted by your worship.
You visited 1 branch You collected 53 gold pieces.

Inventory:

Hand Weapons
 a - the +5 broad axe of Distant Worlds (weapon) {antimagic, rPois MP-9 Str+3}
   (Trog gifted it to you in the Dungeon)

   It reduces the magical energy of the wielder, and disrupts the spells and
   magical abilities of those hit.
   Natural abilities and divine invocations are not affected.
   It affects your strength (+3).
   It protects you from poison.
   It affects your magic capacity (-9).
 t - a +3 broad axe of flaming
Missiles
 s - 3 throwing nets (quivered)
Armour
 b - a +4 chain mail (worn)
 c - a +0 kite shield (worn)
 m - a +0 cloak of willpower (worn)
 q - a +0 pair of boots (worn)
 r - a +0 pair of gloves (worn)
Jewellery
 n - a +3 ring of evasion (left hand)
 o - a +3 ring of protection
 x - a ring of see invisible
 z - a ring of protection from cold
 A - a +4 ring of protection (right hand)
Scrolls
 j - 2 scrolls of blinking
 l - a scroll of summoning
 u - 4 scrolls of enchant weapon
 v - 3 scrolls of identify
 w - 2 scrolls of fear
 y - a scroll of magic mapping
Potions
 d - 2 potions of might
 e - 9 potions of curing
 f - 7 potions of heal wounds
 g - 4 potions of haste
 h - 4 potions of magic
 i - 3 potions of berserk rage
 k - 2 potions of invisibility
 p - 2 potions of mutation
Miscellaneous
 B - a tin of tremorstones (2/2)
 C - a box of beasts
 D - a phial of floods


   Skills:
 + Level 20.3 Fighting
 + Level 22.5 Axes
 + Level 16.4 Armour
 + Level 9.3 Dodging
 - Level 2.1 Stealth
 + Level 19.7 Shields


You had 12 spell levels left.
You didn't know any spells.
Your spell library was empty.

Dungeon Overview and Level Annotations

Branches:
Dungeon (1/1)

Altars:
Ashenzari
Cheibriados
Dithmenos
Elyvilon
Fedhas
Gozag
Hepliaklqana
Kikubaaqudgha
Makhleb
Nemelex Xobeh
Okawaru
Qazlal
Ru
Sif Muna
Trog
Uskayaw
Vehumet
Wu Jian
Xom
Yredelemnul
Zin
The Shining One
Beogh
Jiyva
Lugonu


Innate Abilities, Weirdness & Mutations

You reflexively headbutt those who attack you in melee.
You have a pair of horns on your head.


Message History

You closely miss the eidolon.
Unknown command.
You barely miss the orc warlord. You headbutt the orc warlord!
You kill the orc warlord!
Trog accepts your kill.
You slash the eidolon!
The eidolon's magic leaks into the air.
You are no longer berserk.
You are exhausted.
You feel yourself slow down.
An eidolon comes into view.
The eidolon completely misses you. You furiously retaliate!
You headbutt the eidolon, but do no damage.
The eidolon hits you but does no damage.
Unknown command.
Blink to where?
Press: ? - help, Dir - move target
As you read the scroll of blinking, it crumbles to dust.
The eidolon stares piercingly at you. The bolt of negative energy hits you!!
You feel drained.
* * * LOW HITPOINT WARNING * * *
The flayed ghost cries, "Feel what I felt!"
You feel much better.
Your stone giant goes berserk!
A centaur warrior comes into view.
The eidolon stares piercingly at you.
The bolt of negative energy hits the eidolon.
The eidolon completely resists.
The bolt of negative energy hits you!!
You feel drained.
* * * LOW HITPOINT WARNING * * *
The eidolon barely misses you. You block the eidolon's attack.
You feel much better.
A vampire knight comes into view. It is wielding a +0 long sword.
The eidolon stares piercingly at you.
The bolt of negative energy hits the eidolon.
The eidolon completely resists.
The bolt of negative energy hits you!!
You feel drained.
* * * LOW HITPOINT WARNING * * *
The eidolon stares piercingly at you. The bolt of negative energy hits you!!!
You feel drained.
You die...

# # # + + #
#######################
#....................''
#....C@..............''
#..###W############..##
#..##)#)#.# #..## #..#.#)#W#
#..## #..##.#[#c# #..## #..#.#.#
#V# #..## #..##.# #=# #..##
#..################..##
###########....................##


You could see a vampire knight, 2 eidola, a centaur warrior and a friendly stone
giant (summoned, berserk).

Vanquished Creatures
  A deep elf master archer (D)
  A death cob (D)
  A fire giant (D)
  A frost giant (D)
  An orc warlord (D)
  Harold (D)
  A two-headed ogre (D)
  A hydra (D)
  A centaur warrior (D)
  3 hell hogs (D)
  Nergalle (D)
  A shadow wraith (D)
  2 deep trolls (D)
  2 swamp dragons (D)
  A flayed ghost (D)
  A death drake (D)
  An orc knight (D)
  A necromancer (D)
  4 harpies (D)
  An elephant (D)
  A merfolk siren (D)
  A gargoyle (D)
  A komodo dragon (D)
  A guardian mummy (D)
  A demonic crawler (D)
  A freezing wraith (D)
  2 polar bears (D)
  A jumping spider (D)
  2 tyrant leeches (D)
  A hornet (D)
  A flying skull (D)
  A large abomination (D)
  A spriggan (D)
  A wraith (D)
  3 shadows (D)
  7 redbacks (D)
  A basilisk (D)
  An acid dragon (D)
  2 soldier ants (D)
  A water moccasin (D)
  A swamp drake (D)
  A black bear (D)
  3 orc warriors (D)
  A sky beast (D)
  2 ogres (D)
  3 centaurs (D)
  A necrophage (D)
  An earth elemental (D)
  A kobold brigand (D)
  Blork the orc (D)
  4 wights (D)
  2 quasits (D)
  Crazy Yiuf (D)
  A gnoll shaman (D)
  An orc wizard (D)
  7 gnolls (D)
  An adder skeleton (D)
  2 leopard geckos (D)
  6 orcs (D)
  A bat skeleton (D)
  A goblin (D)
  2 hobgoblins (D)
  3 jackals (D)
  A bat (D)
  A bat simulacrum (D)
  A frilled lizard (D)
  A kobold (D)
  A quokka zombie (D)
  A rat (D)
111 creatures vanquished.

Vanquished Creatures (collateral kills)
  A profane servitor (D)
  A deep elf blademaster (D)
  A ghost moth (D)
  A merfolk impaler (D)
  A vault guard (D)
  An alligator snapping turtle (D)
  An alligator (D)
  A fire crab (D)
  A sea snake (D)
  A spriggan druid (D)
  2 swamp dragons (D)
  A merfolk (D)
  A tyrant leech (D)
  Grinder (D)
  A wind drake (D)
  A redback (D)
  A wyvern (D)
  An orc priest (D)
  2 orc wizards (D)
21 creatures vanquished.

Grand Total: 132 creatures vanquished

Notes
Turn   | Place    | Note
-------+----------+-------------------------------------------
     0 | D        | mhtbhm the Minotaur Fighter began the quest for the Orb.
     0 | D        | Reached XP level 1. HP: 19/19 MP: 0/0
    18 | D        | Found a bloodstained altar of Trog.
    18 | D        | Found a shimmering blue altar of Sif Muna.
    18 | D        | Found a viscous altar of Jiyva.
    18 | D        | Found a hazy altar of Hepliaklqana.
    18 | D        | Found an opulent altar of Gozag.
    19 | D        | Found a glowing golden altar of the Shining One.
    19 | D        | Found a glowing silver altar of Zin.
    19 | D        | Found a basalt altar of Yredelemnul.
    19 | D        | Found a shimmering altar of Xom.
    19 | D        | Found an ornate altar of the Wu Jian Council.
    19 | D        | Found a sacrificial altar of Ru.
    19 | D        | Found a stormy altar of Qazlal.
    19 | D        | Found an iron altar of Okawaru.
    19 | D        | Found a sparkling altar of Nemelex Xobeh.
    19 | D        | Found a burning altar of Makhleb.
    19 | D        | Found a blossoming altar of Fedhas.
    19 | D        | Found a white marble altar of Elyvilon.
    19 | D        | Found a shadowy altar of Dithmenos.
    19 | D        | Found a snail-covered altar of Cheibriados.
    21 | D        | Found a radiant altar of Vehumet.
    21 | D        | Found a corrupted altar of Lugonu.
    21 | D        | Found a roughly hewn altar of Beogh.
    23 | D        | Became a worshipper of Trog the Wrathful
    67 | D        | Reached * piety under Trog
   112 | D        | Noticed a centaur
   115 | D        | Reached ** piety under Trog
   118 | D        | Reached skill level 3 in Axes
   118 | D        | Reached XP level 2. HP: 23/28 MP: 1/1
   125 | D        | Killed a centaur
   125 | D        | Reached *** piety under Trog
   126 | D        | Reached skill level 5 in Axes
   126 | D        | Reached XP level 3. HP: 22/38 MP: 2/2
   126 | D        | Reached XP level 4. HP: 26/45 MP: 3/3
   273 | D        | Noticed a flying skull
   274 | D        | Noticed an orc warrior
   274 | D        | Noticed Crazy Yiuf
   274 | D        | Noticed Grinder
   279 | D        | Killed a flying skull
   280 | D        | Reached skill level 8 in Axes
   280 | D        | Reached skill level 1 in Dodging
   280 | D        | Reached XP level 5. HP: 53/53 MP: 4/4
   280 | D        | Reached **** piety under Trog
   281 | D        | Reached XP level 6. HP: 62/62 MP: 5/5
   285 | D        | Killed an orc warrior
   286 | D        | Reached skill level 9 in Axes
   286 | D        | Killed Crazy Yiuf
   287 | D        | Reached ***** piety under Trog
   294 | D        | Killed Grinder
   295 | D        | Reached skill level 10 in Axes
   295 | D        | Reached XP level 7. HP: 40/71 MP: 6/6
   335 | D        | Received a gift from Trog
   336 | D        | Reached skill level 10 in Fighting
   336 | D        | Reached skill level 11 in Axes
   506 | D        | Noticed a deep troll
   519 | D        | Killed a deep troll
   520 | D        | Reached skill level 12 in Axes
   520 | D        | Reached skill level 10 in Armour
   520 | D        | Reached skill level 10 in Shields
   520 | D        | Reached XP level 8. HP: 34/81 MP: 7/7
   723 | D        | Reached skill level 13 in Axes
   727 | D        | Reached skill level 1 in Stealth
   759 | D        | Noticed a jumping spider
   766 | D        | Killed a shadow wraith
   767 | D        | Reached skill level 14 in Axes
   767 | D        | Reached XP level 9. HP: 89/89 MP: 8/8
   779 | D        | Killed a jumping spider
   780 | D        | Reached skill level 5 in Dodging
   892 | D        | Found a hide-covered altar of Uskayaw.
   892 | D        | Found an ancient bone altar of Kikubaaqudgha.
   892 | D        | Found a broken altar of Ashenzari.
   919 | D        | Noticed a centaur warrior
   926 | D        | Reached ****** piety under Trog
   929 | D        | Killed a centaur warrior
   929 | D        | Identified the +5 broad axe of Distant Worlds {antimagic,
                  | rPois MP-9 Str+3} (Trog gifted it to you in the Dungeon)
   929 | D        | Received a gift from Trog
   930 | D        | Reached skill level 15 in Axes
   943 | D        | Noticed a merfolk siren
   943 | D        | Noticed a harpy
   943 | D        | Noticed a harpy
   943 | D        | Noticed a harpy
   943 | D        | Noticed a harpy
   949 | D        | Killed a harpy
   953 | D        | Killed a merfolk siren
   956 | D        | Killed a harpy
   957 | D        | Reached skill level 16 in Axes
   957 | D        | Reached XP level 10. HP: 68/99 MP: 0/9
   959 | D        | Killed a harpy
   960 | D        | Killed a harpy
  1105 | D        | Noticed a frost giant
  1116 | D        | Killed a frost giant
  1116 | D        | Received a gift from Trog
  1117 | D        | Reached skill level 17 in Axes
  1117 | D        | Reached skill level 15 in Shields
  1332 | D        | Noticed a necromancer
  1340 | D        | Killed a necromancer
  1499 | D        | Received a gift from Trog
  1500 | D        | Reached XP level 11. HP: 85/107 MP: 0/10
  1588 | D        | Received a gift from Trog
  1589 | D        | Noticed Harold
  1598 | D        | Killed Harold
  1599 | D        | Reached skill level 18 in Axes
  1603 | D        | Received a gift from Trog
  1839 | D        | Noticed a six-headed hydra
  1847 | D        | Killed a ten-headed hydra
  1855 | D        | Received a gift from Trog
  1856 | D        | Reached skill level 19 in Axes
  1910 | D        | Reached skill level 15 in Fighting
  1930 | D        | Noticed a swamp dragon
  1936 | D        | Killed a swamp dragon
  2086 | D        | Noticed a flayed ghost
  2098 | D        | Killed a flayed ghost
  2098 | D        | Received a gift from Trog
  2137 | D        | Noticed Nergalle
  2143 | D        | Killed Nergalle
  2234 | D        | Noticed a hell hog
  2234 | D        | Noticed a hell hog
  2234 | D        | Noticed Blork the orc
  2234 | D        | Noticed a hell hog
  2237 | D        | Noticed a swamp dragon
  2243 | D        | Killed a hell hog
  2244 | D        | Reached skill level 20 in Axes
  2247 | D        | Received a gift from Trog
  2250 | D        | Killed a swamp dragon
  2252 | D        | Killed a hell hog
  2252 | D        | Noticed a two-headed ogre
  2253 | D        | Reached XP level 12. HP: 124/124 MP: 0/11
  2256 | D        | Killed a hell hog
  2259 | D        | Received a gift from Trog
  2262 | D        | Killed Blork the orc
  2273 | D        | Killed a two-headed ogre
  2505 | D        | Noticed a profane servitor
  2505 | D        | Noticed a vault guard
  2505 | D        | Noticed a deep elf master archer
  2505 | D        | Noticed a deep elf blademaster
  2505 | D        | Noticed a merfolk impaler
  2524 | D        | Killed a deep elf master archer
  2525 | D        | Reached skill level 21 in Axes
  2525 | D        | Received a gift from Trog
  2530 | D        | Noticed an alligator snapping turtle
  2535 | D        | Killed a profane servitor
  2538 | D        | Noticed an alligator
  2547 | D        | Killed an alligator
  2547 | D        | Received a gift from Trog
  2549 | D        | Killed a deep elf blademaster
  2550 | D        | Killed an alligator snapping turtle
  2554 | D        | Killed a ghost moth
  2555 | D        | Reached skill level 15 in Armour
  2555 | D        | Reached XP level 13. HP: 39/137 MP: 1/12
  2556 | D        | Received a gift from Trog
  2557 | D        | Reached skill level 22 in Axes
  2557 | D        | Killed a merfolk impaler
  2895 | D        | Noticed a fire giant
  2895 | D        | Noticed an orc warlord
  2896 | D        | Identified the +6 great sword of Ideruang {antimagic, *Slow
                  | Str+5 Dex+4}
  2902 | D        | Received a gift from Trog
  2903 | D        | Killed a fire giant
  2906 | D        | Noticed a death cob
  2917 | D        | Killed a death cob
  2918 | D        | Noticed an eidolon
  2920 | D        | Received a gift from Trog
  2925 | D        | Killed an orc warlord
  2925 | D        | Noticed an eidolon
  2929 | D        | Noticed a vampire knight
  2929 | D        | Killed from afar by an eidolon

Illustrated notes

Levels and vault maps discovered:
D:        pitsprint [storerooms_1, entrance_room_1, metal_vault_5, armoury_1,
          mini_pit_1, grid_room_1, main_hall_1, silver_pit, the_coven_1,
          the_vestibule_1, steel_vault_4, golden_pit, hallway_of_sentries,
          crystal_vault_4, iron_vault_2, final_vault]

Skill      XL: |  1  2  3  4  5  6  7  8  9 10 11 12 13 |
---------------+----------------------------------------+-----
Fighting       | 4 6 8 9 10 11 12 13 16 19 20 | 20.3
Armour         | 4 6 8 9 10 12 13 15 16 | 16.4
Shields        | 4 6 8 9 10 11 13 15 17 19 | 19.7
Axes           | 3 5 8 10 12 14 16 17 20 21 22 | 22.5
Dodging        | 1 2 3 4 6 7 8 9 |  9.3
Stealth        | 1 2 |  2.1

Action                   |  1- 3 |  4- 6 |  7- 9 | 10-12 | 13-15 || total
-------------------------+-------+-------+-------+-------+-------++-------
Melee: Hand axe          |    20 |    17 |    57 |       |       ||    94
       Headbutt          |     3 |     3 |    16 |    45 |     8 ||    75
       War axe           |     1 |       |       |       |       ||     1
       Broad axe         |       |       |    13 |   185 |    33 ||   231
Invok: Berserk           |       |     1 |     1 |     5 |     1 ||     8
       Brothers in Arms  |       |     1 |       |     5 |     1 ||     7
       Trog's Hand       |       |       |       |     1 |       ||     1
  Use: Potion            |       |       |       |     8 |     2 ||    10
       Scroll            |       |       |       |     2 |     1 ||     3
Armor: Scale mail        |    11 |    15 |    23 |       |       ||    49
       Chain mail        |       |       |    23 |   111 |    18 ||   152
Dodge: Dodged            |     9 |     4 |    41 |    89 |    14 ||   157
Block: Kite shield       |    15 |     6 |    71 |   133 |    21 ||   246

Table legend: (Time is in decaauts)
 A = Elapsed time spent in this place.
 B = Non-inter-level travel time spent in this place.
 C = Inter-level travel time spent in this place.
 D = Time resting spent in this place.
 E = Time spent auto-exploring this place.
 F = Levels seen in this place.
 G = Mean time per level.
                   A        B        C        D        E       F      G
               +--------+--------+--------+--------+--------+-----+--------+
         Total |   2915 |   2915 |      0 |   1613 |    109 |   1 | 2915.0 |
       Dungeon |   2915 |   2915 |      0 |   1613 |    109 |   1 | 2915.0 |
               +--------+--------+--------+--------+--------+-----+--------+

Top non-repeatable levels by time:
       D: 2915 daAuts
